[Event "Titled Tuesday Blitz May 24 Late 2022"]
[White "Korchmar, Vasiliy"]
[Black "Krallis, Christos"]
[WhiteFideId "24131750"]
[BlackFideId "4298896"]
[WhiteElo "2370"]
[BlackElo "2234"]
[Result "1-0"]
[Round "03"]
[TimeControl "180+1"]
[Date "2022.05.25"]
[WhiteClock "0:00:08"]
[BlackClock "0:00:06"]

1. e4 e5 2. Nf3 Nc6 3. Nc3 Nf6 4. h3 Bb4 5. Nd5 Bc5 6. c3 d6 7. d4 exd4 8. cxd4 Bb6 9. Bg5 Ba5+ 10. Nd2 Nxe4 11. Bxd8 Bxd2+ 12. Ke2 Nxd4+ 13. Kd3 Nxf2+ 14. Kxd4 Nxd1 15. Rxd1 Kxd8 16. Rxd2 c6 17. Nc3 d5 18. Bd3 Be6 19. Ne2 Ke7 20. Nf4 Kd6 21. b4 a5 22. b5 c5+ 23. Kc3 d4+ 24. Kb2 c4 25. Nxe6 c3+ 26. Kc2 cxd2 27. Nxg7 Rag8 28. Nf5+ Kc5 29. g3 h5 30. h4 Rd8 31. Kxd2 Kb6 32. Re1 Rd5 33. Re7 a4 34. Rxf7 Rhd8 35. Rh7 R8d7 36. Rxh5 Kc5 37. Rh8 Kb4 38. h5 Ka3 39. Ra8 Re5 40. h6 Rh7 41. g4 Kxa2 42. Rxa4+ Kb3 43. Rxd4 Ka3 44. g5 Rc5 45. g6 Rxh6 46. Nxh6 Rg5 47. Rd7 Rg2+ 48. Kc3 Rg1 49. Rxb7 Rc1+ 50. Kd4 Rg1 51. g7 1-0


[Site "https://www.chess.com"]

[Event "Titled Tuesday Blitz May 24 Late 2022"]
[White "Kosteniuk, Alexandra"]
[Black "Paravyan, David"]
[WhiteFideId "4128125"]
[BlackFideId "4194985"]
[WhiteElo "2469"]
[BlackElo "2569"]
[Result "0-1"]
[Round "03"]
[TimeControl "180+1"]
[Date "2022.05.24"]
[WhiteClock "0:00:59"]
[BlackClock "0:01:51"]

1. d4 Nf6 2. Nf3 g6 3. Nc3 d5 4. Bf4 Bg7 5. h3 O-O 6. e3 Bf5 7. g4 Be4 8. Nxe4 Nxe4 9. Bd3 c5 10. c3 Nc6 11. Qc2 cxd4 12. exd4 f5 13. g5 Rc8 14. Qb3 Kh8 15. h4 Qe8 16. Qxd5 e5 17. Nxe5 Rd8 18. Qb5 a6 19. Qc4 Nxe5 20. dxe5 b5 21. Qc7 Rxd3 22. h5 gxh5 23. Ke2 Rd7 24. Qc6 Rd2+ 0-1


[Site "https://www.chess.com"]

[Event "Titled Tuesday Blitz May 24 Late 2022"]
[White "Kruckenhauser, Arthur"]
[Black "Yanayt, Eugene"]
[WhiteFideId "1642812"]
[BlackFideId "2020165"]
[WhiteElo "2243"]
[BlackElo "2046"]
[Result "0-1"]
[Round "03"]
[TimeControl "180+1"]
[Date "2022.05.25"]
[WhiteClock "0:00:07"]
[BlackClock "0:00:05"]

1. e4 c5 2. Nf3 Nc6 3. c3 a6 4. d4 d5 5. exd5 Qxd5 6. Be3 cxd4 7. cxd4 Nf6 8. Nc3 Qa5 9. Be2 e6 10. O-O Bd6 11. Rc1 O-O 12. h3 Bd7 13. Bg5 Nd5 14. Ne4 Be7 15. Bxe7 Ncxe7 16. a3 Bc6 17. Ne5 Nf4 18. Bf3 Rad8 19. Rc5 Qb6 20. Qd2 Bxe4 21. Qxf4 Rxd4 22. b4 f5 23. Bxe4 Rxe4 24. Qg5 Qd6 25. Nc4 Qd8 26. Ne3 Nc6 27. Qh5 Rh4 28. Qf3 Qg5 29. Rd1 e5 30. Qd5+ Kh8 31. Rc4 Nd4 32. Qxe5 Nf3+ 33. Kf1 Nxe5 34. Rc5 f4 35. Nc4 Rh5 36. Rxe5 Qxe5 37. Nxe5 Rxe5 38. Rd7 b5 39. Ra7 Re6 40. f3 Rfe8 41. Kg1 h6 42. Kh2 Kh7 43. h4 Kg6 44. Kh3 Rf8 45. Kg4 Rf5 46. Ra8 h5+ 47. Kh3 Rd5 48. Rf8 Rd4 49. Kh2 Re1 50. Rc8 Rdd1 51. Rc6+ Kh7 52. g4 Re2+ 0-1


[Site "https://www.chess.com"]

[Event "Titled Tuesday Blitz May 24 Late 2022"]
[White "Livaic, Leon"]
[Black "Andreikin, Dmitry"]
[WhiteFideId "14531534"]
[BlackFideId "4158814"]
[WhiteElo "2540"]
[BlackElo "2736"]
[Result "1-0"]
[Round "03"]
[TimeControl "180+1"]
[Date "2022.05.24"]
[WhiteClock "0:00:10"]
[BlackClock "0:00:06"]

1. e4 c5 2. Nf3 e6 3. d4 cxd4 4. Nxd4 a6 5. c4 Nf6 6. Nc3 Bb4 7. Qd3 d6 8. Bd2 Nbd7 9. Qc2 Bc5 10. Nb3 Ba7 11. Be2 Ne5 12. h3 Bd7 13. f4 Nc6 14. g4 h6 15. O-O-O Rc8 16. a3 b5 17. cxb5 axb5 18. Bxb5 O-O 19. Ba6 Rb8 20. g5 hxg5 21. fxg5 Nh5 22. Bb5 Ne5 23. a4 Qe7 24. Kb1 Rfc8 25. Rhe1 Nc4 26. Bc1 g6 27. Rf1 Ne3 28. Bxe3 Bxe3 29. h4 Bxb5 30. axb5 Rxb5 31. Nd5 exd5 32. Qxc8+ Kh7 33. Qc2 dxe4 34. Rfe1 Rxb3 35. Qxb3 Bf2 36. Re2 e3 37. Rd3 Qe4 38. Qxf7+ Ng7 39. Qd5 Qxh4 40. Rd1 Qf4 41. Rh1+ Nh5 42. Rc2 Qf8 43. Rc7+ Kh8 44. Qd4+ Kg8 45. Qd3 Qf5 46. Qxf5 gxf5 47. Rxh5 e2 48. Re7 e1=Q+ 49. Rxe1 Bxe1 50. Rh6 Bg3 51. Rf6 f4 52. Rxd6 f3 53. Rf6 f2 54. Kc2 Kg7 55. b4 Bh4 56. b5 Bxg5 57. Rxf2 Be3 58. Rf3 Bb6 59. Kd3 Kg6 60. Ke4 Kg7 61. Kd5 1-0


[Site "https://www.chess.com"]

[Event "Titled Tuesday Blitz May 24 Late 2022"]
[White "Lopez Del Alamo, Antonio"]
[Black "Zhurbinsky, David"]
[WhiteFideId "2227339"]
[BlackFideId "2072904"]
[WhiteElo "2089"]
[BlackElo "2567"]
[Result "0-1"]
[Round "03"]
[TimeControl "180+1"]
[Date "2022.05.25"]
[WhiteClock "0:00:12"]
[BlackClock "0:00:13"]

1. e4 e5 2. Bc4 Nf6 3. d3 c6 4. Nf3 d5 5. Bb3 Bg4 6. h3 Bxf3 7. Qxf3 Be7 8. O-O O-O 9. Nd2 Na6 10. a3 Nc5 11. Ba2 a5 12. Re1 Qd6 13. exd5 cxd5 14. Qe2 e4 15. d4 Ne6 16. c3 Nf4 17. Qf1 Nd3 18. Bb1 Nxe1 19. Qxe1 Nh5 20. Nf1 f5 21. Ba2 Kh8 22. Qe2 g6 23. Qb5 Rfd8 24. Ne3 Nf4 25. g3 Nxh3+ 26. Kg2 Nxf2 27. Kxf2 f4 28. Nxd5 fxg3+ 29. Kg2 Rf8 30. Be3 Bh4 31. Qxb7 Rab8 32. Qa7 Rxb2+ 33. Kg1 g2 34. Bc4 Bg3 0-1


[Site "https://www.chess.com"]

[Event "Titled Tuesday Blitz May 24 Late 2022"]
[White "Lutz, Igor Oscar"]
[Black "Diaz Rosas, Julio Cesar"]
[WhiteFideId "2110806"]
[BlackFideId "5105099"]
[WhiteElo "1741"]
[BlackElo "2278"]
[Result "0-1"]
[Round "03"]
[TimeControl "180+1"]
[Date "2022.05.25"]
[WhiteClock "0:00:29"]
[BlackClock "0:01:22"]

1. d4 d5 2. c4 e6 3. Nf3 a6 4. g3 dxc4 5. Bg2 Bb4+ 6. Bd2 c5 7. dxc5 Bxc5 8. O-O Nc6 9. Qc2 Nf6 10. Qxc4 Qe7 11. Bg5 Ba7 12. e4 h6 13. Bd2 O-O 14. Nc3 Rd8 15. Rfd1 Bd7 16. Qe2 Be8 17. h3 Nd7 18. Rac1 Nde5 19. Be3 Bxe3 20. Qxe3 Nc4 21. Qe2 N6e5 22. Nxe5 Nxe5 23. f4 Nc6 24. e5 Nd4 25. Qe3 Qc5 26. Kh2 Qb4 27. Rd2 Nf5 28. Qf2 Bc6 29. Bxc6 bxc6 30. Rcd1 Rxd2 31. Rxd2 Ne7 32. Qf3 Nd5 33. Ne4 a5 34. Qf2 Qxe4 35. Rc2 Rd8 36. Rxc6 Ne3 37. Qe2 Qxc6 0-1


[Site "https://www.chess.com"]

[Event "Titled Tuesday Blitz May 24 Late 2022"]
[White "Maghsoodloo, Parham"]
[Black "Domingo Nunez, Ruben"]
[WhiteFideId "12539929"]
[BlackFideId "22245570"]
[WhiteElo "2630"]
[BlackElo "2376"]
[Result "1-0"]
[Round "03"]
[TimeControl "180+1"]
[Date "2022.05.24"]
[WhiteClock "0:00:29"]
[BlackClock "0:00:02"]

1. e4 e6 2. d4 d5 3. Nc3 Bb4 4. e5 c5 5. Bd2 Ne7 6. Nb5 Bxd2+ 7. Qxd2 O-O 8. dxc5 b6 9. cxb6 Qxb6 10. Nf3 Nbc6 11. c3 Ng6 12. a4 a6 13. a5 Qb8 14. Nbd4 Ncxe5 15. Nxe5 Qxe5+ 16. Be2 Nf4 17. g3 Nxe2 18. Qxe2 Qd6 19. f4 Bd7 20. O-O f6 21. Rae1 Rfe8 22. b4 Rac8 23. Qd2 e5 24. fxe5 fxe5 25. Nb3 Bh3 26. Rf2 d4 27. Nc5 Qd5 28. Qd3 Rf8 29. c4 Qc6 30. Qe4 Qd6 31. Qxe5 Qg6 32. Ne4 Rxf2 33. Nxf2 Rf8 34. Nxh3 1-0


[Site "https://www.chess.com"]

[Event "Titled Tuesday Blitz May 24 Late 2022"]
[White "Mahdavi, Reza"]
[Black "Manukyan, Sargis A."]
[WhiteFideId "12595926"]
[BlackFideId "13303970"]
[WhiteElo "2253"]
[BlackElo "2187"]
[Result "1-0"]
[Round "03"]
[TimeControl "180+1"]
[Date "2022.05.25"]
[WhiteClock "0:00:46"]
[BlackClock "0:00:17"]

1. e4 c5 2. Nf3 d6 3. Bb5+ Bd7 4. Bxd7+ Qxd7 5. c4 Nc6 6. Nc3 Nf6 7. d4 Nxd4 8. Nxd4 cxd4 9. Qxd4 g6 10. Be3 Bg7 11. f3 O-O 12. Qd3 Rfc8 13. O-O Qe6 14. b3 a6 15. Rac1 b5 16. cxb5 axb5 17. Qxb5 Ng4 18. Qd3 Nxe3 19. Qxe3 Bxc3 20. Rxc3 Rxc3 21. Qxc3 Rxa2 22. Rb1 Qd7 23. b4 Qa7+ 24. Kh1 Qf2 25. Rg1 Rc2 26. Qa3 Re2 27. Qa8+ Kg7 28. Qc6 f6 29. Qc3 Re3 30. Qc1 Rb3 31. Qc7 Kf8 32. Qc8+ Kg7 33. Qe6 Re3 34. Qxe7+ Kh6 35. Qf8+ Kh5 36. Qxd6 Re2 37. Qf4 Re1 38. g4+ Kh4 39. Qh6# 1-0


[Site "https://www.chess.com"]

[Event "Titled Tuesday Blitz May 24 Late 2022"]
[White "Makarian, Rudik"]
[Black "Gurevich, Dmitry"]
[WhiteFideId "44105681"]
[BlackFideId "2000407"]
[WhiteElo "2419"]
[BlackElo "2506"]
[Result "1-0"]
[Round "03"]
[TimeControl "180+1"]
[Date "2022.05.24"]
[WhiteClock "0:00:04"]
[BlackClock "0:00:08"]

1. d3 d5 2. f4 Nf6 3. Nf3 Bf5 4. g3 e6 5. Bg2 h6 6. O-O Bc5+ 7. Kh1 O-O 8. Qe1 Nc6 9. c3 a5 10. Nbd2 Bh7 11. a4 Bb6 12. d4 Ne7 13. Ne5 Nf5 14. e4 Nd6 15. exd5 exd5 16. g4 c5 17. dxc5 Bxc5 18. Nb3 Bb6 19. Be3 Nfe4 20. f5 Re8 21. Bd4 f6 22. Nf3 Nc4 23. Qc1 Kh8 24. Ra2 Bg8 25. Bxb6 Qxb6 26. Nbd4 Nc5 27. b3 Ne3 28. Rg1 Nd3 29. Qd2 Nf4 30. Bf1 Re4 31. Bd3 Re7 32. Qf2 Rae8 33. Bf1 Nd1 34. Qd2 Ne3 35. Bb5 h5 36. Bxe8 Rxe8 37. g5 Qd6 38. Nh4 Bf7 39. g6 Bg8 40. Qf2 Qe5 41. Qf3 Ng4 42. h3 Ne3 43. Rf2 Nd3 44. Qxh5+ 1-0


[Site "https://www.chess.com"]

[Event "Titled Tuesday Blitz May 24 Late 2022"]
[White "Malka, Samuel"]
[Black "Novikova, Galina"]
[WhiteFideId "20643675"]
[BlackFideId "4157095"]
[WhiteElo "2487"]
[BlackElo "1863"]
[Result "0-1"]
[Round "03"]
[TimeControl "180+1"]
[Date "2022.05.25"]
[WhiteClock "0:00:17"]
[BlackClock "0:00:51"]

1. b3 e6 2. Bb2 f5 3. g4 Nf6 4. gxf5 exf5 5. Bg2 d5 6. e3 c6 7. d3 Bd6 8. Nd2 O-O 9. Ngf3 Nbd7 10. Qe2 Qe7 11. O-O-O Ba3 12. Kb1 Bxb2 13. Kxb2 a5 14. Nd4 a4 15. Nb1 axb3 16. cxb3 Ne5 17. Ka1 c5 18. Nb5 Qd7 19. d4 Neg4 20. N1c3 c4 21. bxc4 dxc4 22. Qxc4+ Kh8 23. Rd2 Qe7 24. Qc5 Qd8 25. h3 Nh6 26. Nc7 Rb8 27. Rb1 Nf7 28. N7b5 Bd7 29. Rdb2 Rc8 30. Qb4 Bc6 31. Bf1 Ne4 32. Na7 Ra8 33. Nxc6 bxc6 34. Nxe4 fxe4 35. Bc4 Ng5 36. Qc5 Nf3 37. Rb7 Qf6 38. Ra7 Nd2 39. Rxa8 Rxa8 40. Rc1 Nxc4 41. Qxc4 Qxf2 42. Qxc6 Qxa2# 0-1


[Site "https://www.chess.com"]

[Event "Titled Tuesday Blitz May 24 Late 2022"]
[White "Mangialardo, Tiago Carvalho"]
[Black "Zherebtsova, Alexandra"]
[WhiteFideId "2130718"]
[BlackFideId "24129518"]
[WhiteElo "2152"]
[BlackElo "2025"]
[Result "1-0"]
[Round "03"]
[TimeControl "180+1"]
[Date "2022.05.25"]
[WhiteClock "0:00:03"]
[BlackClock "0:00:02"]

1. e4 e5 2. Nf3 Nc6 3. d4 exd4 4. Nxd4 Bb4+ 5. c3 Bc5 6. Be2 Qh4 7. Bf3 Nge7 8. Be3 Ne5 9. O-O Nxf3+ 10. Qxf3 d5 11. exd5 Bg4 12. Qe4 f5 13. Nxf5 Qh5 14. Bxc5 O-O-O 15. Nxe7+ Kb8 16. h3 Bd7 17. c4 Qg5 18. Qe3 Qf6 19. Bxa7+ Ka8 20. Bc5 b6 21. Bb4 Rhe8 22. Re1 Qxb2 23. Bc3 Qc2 24. Qd2 Qa4 25. Qd1 Qa6 26. Qb3 Ba4 27. Qb4 Rd7 28. Na3 Kb7 29. Nc6 Bxc6 30. dxc6+ Kxc6 31. Rxe8 Kb7 32. Qb5 Qxa3 33. Bb4 Qd3 34. Ra8 Kxa8 35. Qa6+ Kb8 36. Ba5 Rd8 37. Bxb6 cxb6 38. Qxb6+ Kc8 39. Qc6+ Kb8 40. Qb6+ Ka8 41. Qc6+ Kb8 42. Qb5+ Ka8 43. Rb1 Qd6 44. Qb7# 1-0


[Site "https://www.chess.com"]

[Event "Titled Tuesday Blitz May 24 Late 2022"]
[White "Martinez Alcantara, Jose Eduardo"]
[Black "Bryakin, Mikhail"]
[WhiteFideId "3805662"]
[BlackFideId "4165314"]
[WhiteElo "2690"]
[BlackElo "2417"]
[Result "1-0"]
[Round "03"]
[TimeControl "180+1"]
[Date "2022.05.24"]
[WhiteClock "0:00:45"]
[BlackClock "0:00:06"]

1. e4 e5 2. Nf3 d5 3. exd5 e4 4. Qe2 Nf6 5. d3 Bb4+ 6. c3 O-O 7. dxe4 Re8 8. cxb4 Nxe4 9. Be3 Bg4 10. Nbd2 Qxd5 11. Qc4 Qf5 12. Bd3 Nxd2 13. Nxd2 Qh5 14. Be2 Bxe2 15. Qxe2 Qe5 16. Nf3 Qe4 17. O-O Nc6 18. a3 f5 19. Nd2 Qe5 20. Qc4+ Kh8 21. Nf3 Qxb2 22. b5 Na5 23. Qxc7 Qxb5 24. Bd4 Rg8 25. Ne5 h6 26. Qd6 Nb3 27. Qg6 Raf8 28. Nf7+ Rxf7 29. Qxh6# 1-0


[Site "https://www.chess.com"]

[Event "Titled Tuesday Blitz May 24 Late 2022"]
[White "Matinian, Nikita"]
[Black "Zhigalko, Sergei"]
[WhiteFideId "24129100"]
[BlackFideId "13502956"]
[WhiteElo "2422"]
[BlackElo "2662"]
[Result "0-1"]
[Round "03"]
[TimeControl "180+1"]
[Date "2022.05.24"]
[WhiteClock "0:00:04"]
[BlackClock "0:00:27"]

1. e4 c5 2. Nf3 Nc6 3. Bb5 Nf6 4. Nc3 Qc7 5. Bxc6 dxc6 6. d3 Bg4 7. h3 Bh5 8. g4 Bg6 9. Qe2 Nd7 10. Nh4 e6 11. f4 Be7 12. Nf3 f6 13. Be3 O-O-O 14. O-O-O Rhe8 15. Kb1 b5 16. Qf2 e5 17. f5 Bf7 18. g5 Qa5 19. b3 c4 20. dxc4 bxc4 21. Na4 Kb7 22. gxf6 gxf6 23. Rhg1 Nb6 24. Nc5+ Ka8 25. Ne6 Bxe6 26. fxe6 Rb8 27. Bxb6 Rxb6 28. Rd7 Ra6 29. a4 Rb8 30. Kc1 cxb3 31. Rxe7 b2+ 0-1


[Site "https://www.chess.com"]

[Event "Titled Tuesday Blitz May 24 Late 2022"]
[White "Mekhitarian, Krikor Sevag"]
[Black "Koutlas, Nikolaos"]
[WhiteFideId "2107660"]
[BlackFideId "25827138"]
[WhiteElo "2598"]
[BlackElo "1645"]
[Result "1-0"]
[Round "03"]
[TimeControl "180+1"]
[Date "2022.05.25"]
[WhiteClock "0:00:20"]
[BlackClock "0:00:04"]

1. d4 Nf6 2. Nf3 g6 3. Nc3 d5 4. Bf4 Bg7 5. e3 O-O 6. Be2 Bf5 7. Ne5 Nbd7 8. g4 Be6 9. h4 Ne4 10. Nxe4 dxe4 11. Nc4 c5 12. c3 Rc8 13. Nd2 cxd4 14. cxd4 Nf6 15. Bg3 Qa5 16. g5 Nh5 17. Bh2 f6 18. O-O fxg5 19. Nxe4 gxh4 20. Nc5 Bh3 21. Bg4 Bxf1 22. Qxf1 b6 23. Ne6 Rf6 24. Nxg7 Qg5 25. Qg2 Rc2 26. Nxh5 Rfxf2 27. Be6+ Kh8 28. Qxg5 Rxh2 29. Qe5# 1-0


[Site "https://www.chess.com"]

[Event "Titled Tuesday Blitz May 24 Late 2022"]
[White "Melkumyan, Hrant"]
[Black "Sapunov, Evgeny"]
[WhiteFideId "13302485"]
[BlackFideId "4126661"]
[WhiteElo "2604"]
[BlackElo "2470"]
[Result "1-0"]
[Round "03"]
[TimeControl "180+1"]
[Date "2022.05.24"]
[WhiteClock "0:00:04"]
[BlackClock "0:00:03"]

1. c4 Nf6 2. d4 g6 3. Nc3 Bg7 4. e4 O-O 5. f3 d6 6. Nge2 Nc6 7. Be3 a6 8. Qd2 Rb8 9. Rc1 Bd7 10. Bh6 b5 11. Bxg7 Kxg7 12. cxb5 axb5 13. Ng3 b4 14. Nd1 e5 15. dxe5 dxe5 16. Bc4 Nd4 17. Ne3 c5 18. O-O Rc8 19. f4 Qc7 20. f5 h6 21. Rf2 g5 22. Qd1 Be8 23. Nh5+ Nxh5 24. f6+ Kg6 25. Nd5 Nf4 26. Nxc7 Rxc7 27. Kh1 Bc6 28. Rxf4 exf4 29. e5 h5 30. Be2 Be4 31. Bxh5+ Kh6 32. Bf3 Bxf3 33. gxf3 Re8 34. a3 bxa3 35. bxa3 Rxe5 36. Qa4 Re6 37. Qa8 Rxf6 38. Qh8+ Kg6 39. Qg8+ Kf5 40. Qh7+ Ke6 41. Re1+ Kd6 42. Qh8 Re6 43. Qd8+ Kc6 44. Qa8+ Kd6 45. Rb1 Re2 46. Qd8+ Kc6 47. Qa8+ Kd6 48. Qa6+ Rc6 49. Qd3 Re3 50. Qf1 Kd5 51. Qd1 c4 52. Qg1 c3 53. Qxg5+ Kc4 54. Qxf4 Rd3 55. Rb4+ Kc5 56. Qe5# 1-0


[Site "https://www.chess.com"]

[Event "Titled Tuesday Blitz May 24 Late 2022"]
[White "Meunier-Pion, Jean"]
[Black "Winkels, Marcel"]
[WhiteFideId "20685327"]
[BlackFideId "1003887"]
[WhiteElo "2124"]
[BlackElo "1900"]
[Result "1-0"]
[Round "03"]
[TimeControl "180+1"]
[Date "2022.05.25"]
[WhiteClock "0:00:18"]
[BlackClock "0:00:10"]

1. e4 c5 2. Nf3 d6 3. d4 cxd4 4. Nxd4 Nf6 5. Nc3 a6 6. h3 e5 7. Nde2 h5 8. g3 Be7 9. a4 O-O 10. Bg2 Nc6 11. Be3 Be6 12. b3 Nb4 13. O-O d5 14. exd5 Nbxd5 15. Nxd5 Nxd5 16. Bd2 Rc8 17. c4 Nb4 18. Bc3 f6 19. Bxb7 Qxd1 20. Rfxd1 Rb8 21. Bxb4 Bxb4 22. Bxa6 Bc5 23. Bb5 Rfd8 24. Kg2 Bf5 25. Nc3 Bc2 26. Rxd8+ Rxd8 27. a5 Bd4 28. Rc1 Bxb3 29. Nd5 Kf7 30. a6 Ba7 31. Bc6 Rc8 32. Nb4 Bc5 33. Bd5+ Kf8 34. Rb1 Ba4 35. Nd3 Bd4 36. Rb7 Bc6 37. Bxc6 Rxc6 38. a7 Bxa7 39. Rxa7 Rxc4 40. Ne1 Rd4 41. Nf3 g6 42. Nxd4 1-0


[Site "https://www.chess.com"]

[Event "Titled Tuesday Blitz May 24 Late 2022"]
[White "Mickiewicz, Piotr"]
[Black "Vovk, Orest"]
[WhiteFideId "1114891"]
[BlackFideId "14113490"]
[WhiteElo "2223"]
[BlackElo "2203"]
[Result "1-0"]
[Round "03"]
[TimeControl "180+1"]
[Date "2022.05.25"]
[WhiteClock "0:00:06"]
[BlackClock "0:00:14"]

1. e4 g5 2. d4 g4 3. Qxg4 d5 4. Qh4 dxe4 5. Be3 Nf6 6. Nc3 Rg8 7. h3 Bf5 8. g4 Bg6 9. O-O-O Nd5 10. Nge2 Nc6 11. Bg2 Nxc3 12. Nxc3 Nb4 13. d5 Bg7 14. Bd4 Qd6 15. Bxg7 Rxg7 16. a3 Qf4+ 17. Rd2 Nxc2 18. Ne2 Qe5 19. Rxc2 e3 20. f4 Qd6 21. Rc3 O-O-O 22. Rd1 Qa6 23. Bf3 f6 24. f5 Be8 25. Qg3 Rd6 26. Qf4 h5 27. Rd4 hxg4 28. hxg4 Rh7 29. Rdc4 Bd7 30. Rxc7+ Kd8 31. R7c5 Rh3 32. Qxe3 Ke8 33. Kb1 Kf7 34. Ka2 Bb5 35. Nd4 Bd7 36. Ne6 Qf1 37. Rc8 Bxc8 38. Rxc8 Rd8 39. Rxd8 Qc4+ 40. Kb1 Qf1+ 41. Bd1 Qxd1+ 42. Ka2 Qxd5+ 43. Rxd5 Rxe3 44. Rd8 Rxe6 45. fxe6+ Kxe6 46. Rb8 b6 47. Rb7 f5 48. Rxa7 fxg4 49. Ra6 g3 50. Rxb6+ Kf5 51. Rb3 Kf4 52. Rc3 g2 53. Rc1 e5 54. a4 e4 55. a5 e3 56. a6 Kf3 57. a7 Kf2 58. a8=Q g1=Q 59. Rxg1 Kxg1 60. Qa7 Kf2 61. b4 Kf3 62. Qd4 e2 63. Qd3+ Kf2 64. Qd2 Kf1 65. Qf4+ Kg2 66. Qe3 Kf1 67. Qf3+ Ke1 68. b5 Kd2 69. Qxe2+ Kxe2 70. b6 1-0


[Site "https://www.chess.com"]

[Event "Titled Tuesday Blitz May 24 Late 2022"]
[White "Milchev, Nikolay"]
[Black "Petrova, Irina"]
[WhiteFideId "2906090"]
[BlackFideId "14124122"]
[WhiteElo "2449"]
[BlackElo "1993"]
[Result "1/2-1/2"]
[Round "03"]
[TimeControl "180+1"]
[Date "2022.05.25"]
[WhiteClock "0:01:24"]
[BlackClock "0:00:05"]

1. Nf3 d6 2. d4 g6 3. c4 Bg7 4. Nc3 Nc6 5. h3 e5 6. d5 Nce7 7. e4 f5 8. Bd3 Nf6 9. Be3 O-O 10. Ng5 f4 11. Bd2 c6 12. Be2 h6 13. Nf3 cxd5 14. cxd5 a6 15. a4 Bd7 16. Qb3 b5 17. axb5 axb5 18. Rxa8 Qxa8 19. O-O Rb8 20. Rc1 b4 21. Nb1 Nxe4 22. Rc7 Ba4 23. Qc4 Nxd2 24. Nbxd2 Nf5 25. Ne4 Bb5 26. Qc2 Bxe2 27. Qxe2 Qxd5 28. Nfd2 Nd4 29. Qa6 Ra8 30. Qb6 f3 31. gxf3 Ne2+ 32. Kh2 Nf4 33. Qxd6 Qxd6 34. Nxd6 Rd8 35. N2c4 Bf8 36. Ne4 Nd5 37. Rb7 g5 38. Nxe5 Bd6 39. Nxd6 Rxd6 40. Kg3 Nf4 41. Rxb4 Ne2+ 42. Kh2 Rd2 43. Ng4 Kg7 44. Rb7+ Kg6 45. Rb6+ Kg7 46. Rxh6 Rxb2 47. Re6 Nf4 48. Rd6 Ra2 49. Kg3 Ne2+ 50. Kh2 Nf4 51. Rc6 Nd3 52. Kg3 Nf4 53. h4 Ne2+ 54. Kh2 gxh4 55. Kh3 Ng1+ 56. Kg2 Ne2 57. Kh3 Ng1+ 58. Kxh4 Nxf3+ 59. Kg3 Ne1 60. f4 Ra3+ 61. Kh4 Nf3+ 62. Kh5 Ra5+ 63. Ne5 Nxe5 64. fxe5 Rxe5+ 65. Kg4 Re7 66. Kf5 Rf7+ 67. Kg5 Re7 68. Rg6+ Kf7 69. Rf6+ Ke8 70. Rc6 Kd7 71. Ra6 Rg7+ 72. Kf6 Rg1 73. Ke5 Re1+ 74. Kd4 Rd1+ 75. Ke3 Re1+ 76. Kd2 Re6 77. Ra7+ Kd6 78. Rh7 Re7 79. Rh8 Re6 80. Kd3 Ke5 81. Ke3 Kd6+ 82. Kd4 Re1 83. Rh6+ Ke7 84. Rh2 Rd1+ 85. Ke4 Re1+ 86. Kd3 Rd1+ 87. Ke2 Rd7 88. Rh6 Kd8 89. Kf3 Kc7 90. Ke4 Kd8 91. Ke5 Kc7 92. Ra6 Rd1 93. Ra7+ Kb6 94. Rh7 Re1+ 95. Kd4 Rd1+ 96. Kc3 Rc1+ 97. Kb2 Rc7 98. Rh8 Rc6 99. Kb3 Kc5 100. Kc3 Kb6+ 101. Kb4 Rc1 102. Rh6+ Rc6 103. Rh7 Rc1 104. Rh6+ Rc6 105. Rh1 Rc7 106. Rg1 Rc6 107. Rg8 Rc7 108. Rb8+ Rb7 109. Rf8 Ka7+ 110. Ka5 Rh7 111. Rf5 Rg7 112. Re5 Rh7 113. Rg5 Rf7 114. Rh5 Rg7 1/2-1/2


[Site "https://www.chess.com"]

[Event "Titled Tuesday Blitz May 24 Late 2022"]
[White "O`Gorman, Tom"]
[Black "Ansh M Shah"]
[WhiteFideId "2508249"]
[BlackFideId "25033379"]
[WhiteElo "2247"]
[BlackElo "1819"]
[Result "1-0"]
[Round "03"]
[TimeControl "180+1"]
[Date "2022.05.25"]
[WhiteClock "0:00:23"]
[BlackClock "0:00:18"]

1. c4 Nf6 2. Nc3 c5 3. g3 Nc6 4. Bg2 g6 5. e4 d6 6. Nge2 Bg7 7. O-O O-O 8. d3 a6 9. h3 Rb8 10. a4 Nb4 11. Be3 Bd7 12. f4 Ne8 13. d4 cxd4 14. Bxd4 Bxd4+ 15. Nxd4 Nc7 16. b3 b5 17. cxb5 axb5 18. a5 Nca6 19. Qd2 Nc5 20. Nd5 Nxd5 21. exd5 b4 22. Rfe1 Re8 23. Kh2 Qc7 24. Re3 e5 25. dxe6 Bxe6 26. a6 Rb6 27. a7 Ra6 28. Rxa6 Nxa6 29. a8=Q Rxa8 30. Bxa8 Nc5 31. Bg2 Qd7 32. Qxb4 h5 33. Nxe6 Nxe6 34. Rd3 h4 35. Qxd6 hxg3+ 36. Kxg3 Qb5 37. Qd5 Qb4 38. Qe4 Qa3 39. f5 gxf5 40. Qxf5 Qc1 41. Kh2 Qc7+ 42. Kh1 Qc1+ 43. Qf1 Qc2 44. Rg3+ Kf8 45. Bd5 Qc7 46. Bxe6 Qc6+ 47. Rf3 Qxe6 48. Rxf7+ Qxf7 49. Qxf7+ Kxf7 50. Kg2 Ke6 51. Kf3 Kd5 52. h4 Kc5 53. h5 Kb4 54. h6 Kxb3 55. h7 Kc4 56. h8=Q Kd5 57. Kf4 Ke6 58. Ke4 Kf7 59. Ke5 Kg6 60. Qh4 Kf7 61. Qh6 Kg8 62. Qf6 Kh7 63. Qg5 Kh8 64. Kf6 Kh7 65. Qg7# 1-0


[Site "https://www.chess.com"]

[Event "Titled Tuesday Blitz May 24 Late 2022"]
[White "Papp, Levente"]
[Black "Ward, Ieuan C"]
[WhiteFideId "751243"]
[BlackFideId "406627"]
[WhiteElo "2308"]
[BlackElo "2332"]
[Result "1/2-1/2"]
[Round "03"]
[TimeControl "180+1"]
[Date "2022.05.25"]
[WhiteClock "0:00:05"]
[BlackClock "0:00:04"]

1. Nf3 e6 2. g3 d5 3. Bg2 Nf6 4. O-O Be7 5. b3 O-O 6. Bb2 c5 7. e3 Nc6 8. c4 b6 9. Nc3 Bb7 10. d4 Rc8 11. cxd5 Nxd5 12. dxc5 Nxc3 13. Bxc3 Bxc5 14. Qe2 Qe7 15. h4 Rfd8 16. Ng5 h6 17. Ne4 Bb4 18. Bb2 f5 19. Nc3 Nd4 20. exd4 Bxg2 21. Kxg2 Bxc3 22. Bxc3 Rxc3 23. Rad1 Qf6 24. Rfe1 Rd6 25. Qa6 Rxd4 26. Qxa7 f4 27. Rxd4 Qxd4 28. Qb8+ Kf7 29. Qxf4+ Qxf4 30. gxf4 Kf6 31. Re3 Rc1 32. a4 Rb1 33. Kf3 Rh1 34. Kg4 Rg1+ 35. Kf3 Rh1 36. Kg4 Rg1+ 37. Rg3 Rb1 38. Kh3 g6 39. Rc3 Rh1+ 40. Kg3 Rb1 41. Kf3 Rh1 42. Kg2 Rxh4 43. Kg3 Rh5 44. Rc6 b5 45. a5 b4 46. a6 Ra5 47. Rb6 h5 48. Kf3 Ra3 49. Rxb4 Rxa6 50. Kg3 Ra3 51. Rb8 Kf5 52. Rf8+ Ke4 53. Rf6 Rxb3+ 54. Kh4 Rb1 55. Rxg6 Kxf4 56. Rf6+ Ke5 57. Rf3 Rh1+ 58. Kg5 Rh2 59. Re3+ Kd5 60. f4 Rf2 61. Re5+ Kd6 62. Re4 Rf1 63. Kxh5 Kd5 64. Re5+ Kd4 65. Kg5 Kd3 66. Ra5 Rg1+ 67. Kf6 Rf1 68. Ra4 Re1 69. Ra6 Re4 70. Kg5 Ke3 71. Ra3+ Kd4 72. Ra4+ Ke3 73. Ra3+ Kd4 74. Rb3 Kc4 75. Rf3 Kd4 76. Kf6 Kd5 77. Rd3+ Kc4 78. Rf3 Kd5 79. Rf1 Kd4 80. Rd1+ Ke3 81. Kg5 Ke2 82. Rh1 Kf3 83. Rh3+ Kg2 84. Ra3 Re1 85. Kf6 Kf2 86. Rd3 Kg2 87. Rd6 Kg3 88. Kg5 Kf3 89. Rd3+ Ke4 90. Rg3 Rf1 91. Rg2 Rxf4 92. Re2+ Kf3 93. Rf2+ Kxf2 94. Kxf4 e5+ 95. Kxe5 1/2-1/2


[Site "https://www.chess.com"]

[Event "Titled Tuesday Blitz May 24 Late 2022"]
[White "Papp, Petra"]
[Black "Janaszak, Dawid"]
[WhiteFideId "739049"]
[BlackFideId "1119206"]
[WhiteElo "2259"]
[BlackElo "2199"]
[Result "0-1"]
[Round "03"]
[TimeControl "180+1"]
[Date "2022.05.25"]
[WhiteClock "0:00:36"]
[BlackClock "0:00:29"]

1. e4 c5 2. Nf3 Nc6 3. d4 cxd4 4. Nxd4 g6 5. c4 Bg7 6. Be3 Qb6 7. Nb3 Qd8 8. Nc3 Bxc3+ 9. bxc3 d6 10. c5 Nf6 11. f3 d5 12. exd5 Nxd5 13. Bd4 e5 14. Bf2 O-O 15. Bc4 Nf4 16. Qxd8 Rxd8 17. O-O Be6 18. Bb5 Ne7 19. Rfd1 Ned5 20. Rac1 Nxc3 21. Rxd8+ Rxd8 22. Rxc3 Rd1+ 23. Be1 Rxe1+ 24. Kf2 Rb1 25. Rc2 Bxb3 26. axb3 Rxb3 27. Bf1 Kg7 28. g3 Ne6 29. Bc4 Rxf3+ 30. Kxf3 Nd4+ 31. Ke4 Nxc2 32. Kxe5 Ne3 33. Bb3 f5 34. Kd6 g5 35. Kc7 f4 36. gxf4 gxf4 37. Kxb7 f3 38. c6 f2 39. c7 f1=Q 40. c8=Q Qb5+ 41. Kxa7 Qxb3 42. Qh3 Qa3+ 43. Kb7 Qe7+ 44. Kc6 Qf6+ 45. Kb7 Nf5 46. Qg4+ Qg6 47. Qf4 h5 48. Ka8 Qf6 49. Qc7+ Ne7 50. Qg3+ Kh6 51. Qe3+ Qg5 52. Qe6+ Ng6 53. h3 Qd8+ 54. Ka7 Qe7+ 0-1


[Site "https://www.chess.com"]